 Dungeon Crawl Stone Soup version 0.29-a0-334-gb41bcbb86e (webtiles) character file.

Game seed: 2984143120330052352

272830 spaghetti the Executioner (level 19, -25/262 (270) HPs)
             Began as a Demonspawn Berserker on Apr 13, 2022.
             Was a High Priest of Trog.
             Killed from afar by a Hell Sentinel (49 damage)
             ... with damnation
             ... summoned by a deep elf demonologist
             ... on level 3 of the Elven Halls.
             The game lasted 01:22:08 (37190 turns).

spaghetti the Executioner (Demonspawn Berserker)   Turns: 37190, Time: 01:22:09

HP:   -25/262 (270) AC: 44    Str: 27    XL:     19   Next: 49%
MP:   19/19         EV: 21    Int:  9    God:    Trog [*****.]
Gold: 2009          SH:  0    Dex: 17    Spells: 18/18 levels left

rFire   . . .      SeeInvis .   e - +9 executioner's axe (elec) {axerare=g}
rCold   . . .      Faith    .   (shield currently unavailable)
rNeg    . . .      Spirit   .   V - +15 Maxwell's patent armour {-Cast -Tele rElec Will+ rCorr}
rPois   .          Reflect  .   q - +2 hat
rElec   +          Harm     .   (cloak unavailable)
rCorr   +          Rampage  .   l - +2 pair of gloves {Str+3}
Will    ++...      Rage     1%  k - +2 pair of boots
Stlth   .......... NoTele   +   b - amulet of magic regeneration {@e2}
HPRegen 7.53/turn  NoCast   +   s - +4 ring of protection
MPRegen 0.56/turn               J - ring of the Octopus King {rCorr AC+1 EV+1 Str+1 Int+1 Dex+1}

@: berserking (expiring), lightly drained, very quick
A: repulsion field 2, foul stench 2, powered by death 3, robust 2, weakness
stinger 3, berserk 1, MP-powered wands
}: 2/15 runes: decaying, serpentine
a: Renounce Religion, Berserk, Trog's Hand, Brothers in Arms


You were on level 3 of the Elven Halls.
You worshipped Trog.
Trog was extremely pleased with you.
You visited 6 branches of the dungeon, and saw 34 of its levels.
You visited the Abyss 1 time.

You collected 3232 gold pieces.
You spent 1223 gold pieces at shops.


Innate Abilities, Weirdness & Mutations

You are surrounded by a moderate repulsion field. (EV +3)
You sometimes emit foul miasma when damaged in melee.
You regenerate a lot of health from kills.
You are very robust. (+20% HP)
You have a sharp stinger which inflicts weakening toxins.
You tend to lose your temper in combat.
You expend magic power (3 MP) to strengthen your wands.


   Skills:
 + Level 13.4 Fighting
 - Level 3.3 Long Blades
 - Level 21.0 Axes
 - Level 8.0 Throwing
 - Level 12.5 Armour
 - Level 18.1 Dodging


You had 18 spell levels left.
You didn't know any spells.
Your spell library contained the following spells:

 Spells                   Type           Power      Damage    Failure   Level
 Animate Skeleton         Necr           0%         N/A       97%         1
 Pain                     Necr           0%         1d4       97%         1
 Summon Small Mammal      Summ           0%         N/A       97%         1
 Blink                    Tloc           0%         N/A       99%         2
 Corpse Rot               Necr/Air       0%         N/A       99%         2
 Ensorcelled Hibernation  Hex/Ice        0%         N/A       99%         2
 Passwall                 Tmut/Erth      0%         N/A       99%         2
 Poisonous Vapours        Pois/Air       0%         N/A       99%         2
 Scorch                   Fire           0%         2d5       99%         2
 Sublimation of Blood     Necr           0%         N/A       99%         2
 Wereblood                Tmut           0%         N/A       99%         2
 Call Canine Familiar     Summ           0%         N/A       100%        3
 Dazzling Flash           Conj/Hex       0%         N/A       100%        3
 Frozen Ramparts          Ice            0%         1d2       100%        3
 Gell's Gravitas          Tloc           0%         N/A       100%        3
 Ignite Poison            Fire/Tmut/Pois 0%         N/A       100%        3
 Inner Flame              Hex/Fire       0%         N/A       100%        3
 Lesser Beckoning         Tloc           0%         N/A       100%        3
 Mephitic Cloud           Conj/Pois/Air  0%         N/A       100%        3
 Ozocubu's Armour         Ice            0%         N/A       100%        3
 Portal Projectile        Hex/Tloc       0%         N/A       100%        3
 Spider Form              Tmut/Pois      0%         N/A       100%        3
 Summon Guardian Golem    Hex/Summ       0%         N/A       100%        3
 Swiftness                Air            0%         N/A       100%        3
 Teleport Other           Tloc           0%         N/A       100%        3
 Tukima's Dance           Hex            0%         N/A       100%        3
 Vampiric Draining        Necr           0%         2d6       100%        3
 Airstrike                Air            0%         N/A       100%        4
 Anguish                  Hex/Necr       0%         N/A       100%        4
 Cause Fear               Hex            0%         N/A       100%        4
 Flame Wave               Conj/Fire      0%         2d4       100%        4
 Ice Form                 Ice/Tmut       0%         N/A       100%        4
 Iskenderun's Mystic Bla  Conj/Tloc      0%         2d3       100%        4
 Passage of Golubria      Tloc           0%         N/A       100%        4
 Petrify                  Tmut/Erth      0%         N/A       100%        4
 Summon Ice Beast         Ice/Summ       0%         N/A       100%        4
 Summon Lightning Spire   Summ/Air       0%         N/A       100%        4
 Alistair's Intoxication  Tmut/Pois      0%         N/A       100%        5
 Blade Hands              Tmut           0%         N/A       100%        5
 Borgnjor's Vile Clutch   Necr/Erth      0%         N/A       100%        5
 Excruciating Wounds      Necr           0%         N/A       100%        5
 Freezing Cloud           Conj/Ice/Air   0%         6-21      100%        5
 Irradiate                Conj/Tmut      0%         3d13      100%        5
 Lightning Bolt           Conj/Air       0%         1d11      100%        5
 Manifold Assault         Tloc           0%         N/A       100%        5
 Metabolic Englaciation   Hex/Ice        0%         N/A       100%        5
 Silence                  Hex/Air        0%         N/A       100%        5
 Eringya's Noxious Bog    Tmut/Pois      0%         N/A       100%        6
 Simulacrum               Ice/Necr       0%         N/A       100%        6
 Starburst                Conj/Fire      0%         6d3       100%        6
 Summon Cactus Giant      Summ           0%         N/A       100%        6
 Dragon Form              Tmut           0%         N/A       100%        7
 Enfeeble                 Hex            0%         N/A       100%        7
 Haunt                    Necr/Summ      0%         N/A       100%        7
 Storm Form               Tmut/Air       0%         N/A       100%        7
 Summon Hydra             Summ           0%         N/A       100%        7
 Discord                  Hex            0%         N/A       100%        8
 Lehudib's Crystal Spear  Conj/Erth      0%         10d2      100%        8

Inventory:

Hand Weapons
 e - a +9 executioner's axe of electrocution (weapon) {axerare=g}
   (You found it on level 10 of the Dungeon)
 u - a +6 quick blade of freezing {shortrare=g}
   (You subdued it on level 2 of the Elven Halls)
 K - the +4 quick blade "Fiaredis" {vorpal, Str+3, shortrare=g}
   (Trog gifted it to you on level 2 of the Elven Halls)

   It inflicts extra damage upon your enemies.
   Str:       It affects your strength (+3).
Missiles
 c - 997 stones (quivered) {throwing}
 n - 19 curare-tipped darts {=fthrowing}
 p - 4 throwing nets {=f!fthrowing}
 v - 16 javelins {throwing}
 w - 10 atropa-tipped darts {throwing}
 F - 7 datura-tipped darts {throwing}
 G - 21 boomerangs {throwing}
 O - 69 poisoned darts {throwing}
 U - 6 silver boomerangs {throwing}
Armour
 k - a +2 pair of boots (worn)
   (You found it on level 1 of the Dungeon)
 l - a +2 pair of gloves of strength (worn)
   (You acquired it on level 13 of the Dungeon)
 q - a +2 hat (worn)
   (You found it on level 13 of the Dungeon)
 V - the +15 Maxwell's patent armour (worn) {-Cast -Tele rElec Will+ rCorr}
   (You acquired it on level 9 of the Dungeon)

   rElec:     It insulates you from electricity.
   -Cast:     It prevents spellcasting.
   -Tele:     It prevents most forms of teleportation.
   rCorr:     It protects you from acid and corrosion.
   Will:      It increases your willpower.
Jewellery
 b - an amulet of magic regeneration (around neck) {@e2}
   (You found it on level 3 of the Lair of Beasts)
 s - a +4 ring of protection (left hand)
   (You took it off a deep elf pyromancer on level 2 of the Elven Halls)
 E - a ring of flight
   (You found it on level 3 of the Elven Halls)
 J - a ring of the Octopus King (right hand) {rCorr AC+1 EV+1 Str+1 Int+1 Dex+1}
   (You bought it in a shop on level 2 of the Orcish Mines)

   [ring of resist corrosion]

   AC:        It affects your AC (+1).
   EV:        It affects your evasion (+1).
   Str:       It affects your strength (+1).
   Int:       It affects your intelligence (+1).
   Dex:       It affects your dexterity (+1).
   rCorr:     It protects you from acid and corrosion.
Wands
 L - a wand of iceblast (4)
   (You found it on level 3 of the Elven Halls)
 N - a wand of mindburst (5)
   (You found it on level 3 of the Elven Halls)
Scrolls
 g - 5 scrolls of fear
 i - 4 scrolls of enchant armour
 j - 2 scrolls of identify {@r1}
 m - 3 scrolls of silence {!r}
 o - 11 scrolls of vulnerability {!r!r}
 r - a scroll of summoning
 x - 22 scrolls of teleportation {@r4}
 y - 2 scrolls of fog
 D - 2 scrolls of holy word {!r}
 Q - 2 scrolls of immolation {!r!r}
 R - a scroll of brand weapon
 W - 4 scrolls of blinking {!r}
 Y - 6 scrolls of magic mapping {!r}
Potions
 a - 4 potions of ambrosia
 d - 20 potions of curing {@q1}
 f - 5 potions of haste {@q3}
 h - 2 potions of magic
 t - 9 potions of lignification {!q}
 z - 9 potions of attraction {!q}
 A - 2 potions of invisibility
 B - 10 potions of heal wounds {@q2}
 C - 2 potions of might
 H - a potion of resistance
 I - a potion of berserk rage {!q}
 M - a potion of cancellation
 X - 6 potions of flight

Dungeon Overview and Level Annotations

Branches:
Dungeon (15/15)            Temple (0/1) D:6            Lair (6/6) D:8
  Swamp (4/4) Lair:2        Snake (4/4) Lair:4        Slime (0/5) Lair:5
    Orc (2/2) D:11            Elf (3/3) Orc:2        Vaults (0/5) D:13
 Depths (0/4) D:15

Altars:
Elyvilon
Fedhas
Hepliaklqana
Trog
Uskayaw
Vehumet
Wu Jian
Zin
Beogh

Shops:
D:1 [   D:2 ?   D:6 ![*   D:9 (   D:14 ?(   Orc:2 *[*:(   Elf:1 [

Annotations:
D:6 exclusion: 2 electric eels
D:14 exclusion: oklob plant
Lair:6 exclusion: oklob plant

...............
......44.......
..#..☼E4eE.○°○.
#.*Eeeee3E○...
#..e2e1e{Ee4..


#.eEeeee.EE4# #1# #§# #@# #.# #.# #.# #.# #.# #.# #.# #.# You could see 2 Hell
Sentinels, a deep elf master archer, a ghostly deep elf master archer, a deep
elf annihilator (empowered), a ghostly deep elf death mage (empowered), a
ghostly deep elf sorcerer (fast, empowered), 2 deep elf elementalists, a sun
demon (summoned), 2 deep elf demonologists, a deep elf high priest (brilliance
aura), 2 rust devils, 2 fire elementals and a chaos spawn (summoned).


Message History

The ghostly deep elf sorcerer is empowered by the deep elf high priest's aura!
The deep elf death mage is empowered by the deep elf high priest's aura!
The deep elf demonologist is empowered by the deep elf high priest's aura!
The deep elf death mage is empowered by the deep elf high priest's aura!
The deep elf elementalist is empowered by the deep elf high priest's aura!
The deep elf sorcerer is empowered by the deep elf high priest's aura!
The deep elf demonologist is empowered by the deep elf high priest's aura!
The deep elf elementalist is empowered by the deep elf high priest's aura!
The deep elf pyromancer is empowered by the deep elf high priest's aura! x2
The reaper misses you. 😨 HP[+4]
You regained 4 hp, and now have 73/258 hp.
You slice the deep elf death mage!!
Lightning courses through the deep elf death mage!
You kill the deep elf death mage!
Trog accepts your kill.
Trog appreciates your killing of a magic user.
You slash the Hell Sentinel! You slice the deep elf death mage!!
Lightning courses through the deep elf death mage!
The Hell Sentinel gestures at you. The iron shot hits you!!!
* * * LOW HITPOINT WARNING * * *
The deep elf pyromancer mumbles some strange words.
The deep elf pyromancer blinks!
The deep elf death mage beckons forth a restless soul!
The deep elf annihilator gestures wildly while chanting.
The deep elf annihilator blinks!
The deep elf pyromancer casts a spell.
The deep elf death mage misses you. 😱 HP[-39]
You now have 262 max hp (+4).
You take 39 damage, and now have 34/262 hp.
Unknown command.
Unknown command.
You carve the deep elf death mage like a ham!!!
You slice the deep elf master archer!!
Lightning courses through the deep elf master archer!
You slash the Hell Sentinel! The reaper hits you but does no damage.
The Hell Sentinel barely misses you. x2 😱 HP[+5]
You regained 5 hp, and now have 39/262 hp.
You barely miss the deep elf death mage.
Your tail-slap misses the deep elf death mage.
You hit the Hell Sentinel but do no damage.
You slice the deep elf master archer!!
Lightning courses through the deep elf master archer!
The lost soul assumes the form of the deep elf master archer and becomes anchored to this world!
The deep elf death mage draws life force from you!!
* * * LOW HITPOINT WARNING * * *
The deep elf death mage is healed by the life force!
The hellwing swoops through the air toward you!
The hellwing barely misses you. x2
The ghostly deep elf master archer wields a +0 longbow.
The ghostly deep elf master archer shoots an arrow.
The arrow completely misses you.
The deep elf demonologist gestures wildly while chanting.
The deep elf death mage beckons forth a restless soul! 😱 HP[-20]
You take 20 damage, and now have 19/262 hp.
Unknown command.
Unknown command.
You slice the deep elf death mage!!
The lost soul assumes the form of the deep elf death mage and becomes anchored to this world!
You hit the Hell Sentinel. You slice the hellwing!!
You barely miss the ghostly deep elf master archer.
The reaper misses you.
The Hell Sentinel hits you but does no damage. x2
The ghostly deep elf master archer shoots an arrow.
The arrow completely misses you. 😱 HP[+6]
You regained 6 hp, and now have 25/262 hp.
Unknown command.
Unknown command.
You hit the ghostly deep elf death mage but do no damage.
Your tail-slap misses the ghostly deep elf death mage.
You slice the ghostly deep elf master archer!!
Lightning courses through the ghostly deep elf master archer!!
You slice the hellwing!!
You kill the hellwing!
The hellwing disappears in a puff of smoke!
You slash the Hell Sentinel!
The ghostly deep elf death mage hits you but does no damage.
The deep elf death mage beckons forth a restless soul!
The deep elf demonologist gestures wildly while chanting.
The ghostly deep elf master archer shoots an arrow.
The arrow hits you!
* * * LOW HITPOINT WARNING * * *
The reaper misses you. 😱 HP[-12]
You take 12 damage, and now have 13/262 hp.
Unknown command.
The earth elemental disappears in a puff of smoke!
The deep elf demonologist casts a spell.
The ghostly deep elf death mage beckons forth a restless soul! 😱 HP[+5]
You regained 5 hp, and now have 18/262 hp.
You feel a strong urge to attack something.
The Hell Sentinel gestures at you.
The sphere of damnation explodes!
The damnation engulfs you!!!
You die...

Skill      XL: |  1  2  3  4  5  6  7  8  9 10 11 12 13 14 15 16 17 18 19 |
---------------+----------------------------------------------------------+-----
Long Blades    | 3 |  3.3
Axes           | 1 2 3 5 7 10 12 14 15 16 18 21 | 21.0
Armour         | 2 3 4 5 6 9 11 12 | 12.5
Dodging        | 3 5 7 9 13 16 17 18 | 18.1
Throwing       | 5 7 8 |  8.0
Fighting       | 5 8 9 10 13 | 13.4

Action                   |  1- 3 |  4- 6 |  7- 9 | 10-12 | 13-15 | 16-18 | 19-21 || total
-------------------------+-------+-------+-------+-------+-------+-------+-------++-------
Melee: Falchion          |    29 |       |       |       |       |       |       ||    29
       Hand axe          |    70 |    89 |   236 |   447 |   548 |       |       ||  1390
       Tailslap          |     6 |    11 |    38 |    71 |   200 |   195 |    34 ||   555
       Punch             |     1 |     2 |     3 |     8 |     1 |       |       ||    15
       Executioner's axe |       |       |       |       |   614 |  1240 |   237 ||  2091
Throw: Javelin           |       |     1 |       |       |       |       |       ||     1
       Stone             |       |       |     1 |       |     9 |       |     8 ||    18
       Dart              |       |       |       |     3 |     3 |       |       ||     6
Invok: Berserk           |     2 |     3 |     9 |    18 |    31 |    16 |     2 ||    81
       Brothers in Arms  |       |       |       |       |    10 |     4 |     1 ||    15
       Trog's Hand       |       |       |       |       |     6 |     2 |       ||     8
  Use: Potion            |       |       |     2 |       |     3 |     2 |       ||     7
       Scroll            |       |       |     1 |    14 |    26 |    11 |       ||    52
 Stab: Distracted        |     1 |       |       |       |     4 |     1 |       ||     6
       Petrified         |       |       |       |       |     3 |       |       ||     3
       Petrifying        |       |       |       |       |     1 |       |       ||     1
       Confused          |       |       |       |       |       |     1 |       ||     1
Armor: Animal skin       |    18 |       |       |       |       |       |       ||    18
       Plate armour      |    45 |    58 |    88 |       |   505 |   887 |   184 ||  1767
       Leather armour    |       |       |    24 |    45 |    61 |       |       ||   130
Dodge: Dodged            |    48 |    35 |   144 |   264 |  1313 |  1596 |   184 ||  3584
Block: Buckler           |       |       |       |       |     8 |       |       ||     8

Levels and vault maps discovered:
D:1:      lordsloth_arrival_two_stooges, layout_loops_ring, serial_shops,
          nicolae_shop_stone, hellmonk_ecumenical_altar_arch_garden,
          serial_bayou_pond_c
D:2:      layout_basic, serial_shops, nicolae_shop_statue_plus
D:3:      layout_loops_ring, nicolae_vehumet_altar_sigil, serial_bayou_lagoon_a,
          st_stairs_12, minmay_circle_x, uniq_ijyb
D:4:      layout_basic, nzn_wu_jian_council_hall, marbit_many_paths,
          st_stairs_8, minmay_misc_feat_doors, minmay_goblin_outpost,
          uniq_menkaure, uniq_natasha
D:5:      layout_loops_ring, portal_sewer_entry_e, uniq_pikel
D:6:      layout_basic, lemuel_doored_altar, minmay_temple_entry_hall,
          nicolae_wooded_promenade, minivault_26
D:7:      layout_rooms, chequers_serial_rivers_small_b
D:8:      layout_cave_pools, mainiacjoe_overflow_24_doors, erik_lair_island
D:9:      layout_loops_cross, special_room [special_room_orc], minivault_14,
          nicolae_take_the_stairs, minmay_puff
D:10:     layout_long_grid, trog_three_pillars_becter, minivault_10,
          chequers_avenue, uniq_joseph, uniq_josephine, uniq_snorg
D:11:     layout_basic, orc_0_dummy, uniq_urug
D:12:     layout_cross, serial_column_ruins, column_ruins_temple_circle,
          column_ruins_columns_corner, column_ruins_open_small,
          column_ruins_corridor_straight, uniq_sonja, uniq_psyche
D:13:     layout_gridville, lightli_vaults_fourway_checkpoint
D:14:     layout_roguey, serial_shops, shop, shop, roderic_malta_cross,
          tgw_fedhas
D:15:     gammafunk_depths_entry_grave, layout_rooms, grunt_decor_one_mirror,
          hex_medium, grunt_ministairs_7, nicolae_looking_at_the_future,
          uniq_rupert, uniq_agnes
Lair:1:   layout_roguey
Lair:2:   layout_cave_pods, minmay_swamp_entry_wisps, serial_bayou_shore_a,
          infiniplex_staircase_pool_2, uniq_harold
Lair:3:   layout_roguey
Lair:4:   layout_regular_city, guppyfry_snake_entry_island, lemuel_fruit_fields
Lair:5:   layout_regular_city, minmay_slime_entry_pillars, serial_bayou_shore_b
Lair:6:   wormcave, layout_regular_city, hangedman_lair_caniforms_friends,
          gammafunk_ghost_wrathful_warriors, st_stairs_4,
          dreamdust_gnoll_shepherd
Swamp:1:  layout_basic_swamp, evilmike_swamp_ruin_house_5, swamp_pool1
Swamp:2:  nicolae_swamp_secret_spriggan_hideout, layout_basic_swamp,
          hangedman_swamp_lotus, nicolae_swamp_wisp_ring_woods, uniq_donald
Swamp:3:  layout_falls_marsh, nicolae_swamp_trees_clearing
Swamp:4:  swamp, layout_basic_swamp, uniq_kirke
Snake:1:  layout_basic
Snake:2:  layout_chambers, nicolae_elevator_lobby_plus, grunt_megastairs_5
Snake:3:  layout_grid_maze
Snake:4:  johnstein_snake_rune_scales, layout_cave_town, basic_altar, drop_trap,
          grunt_ministairs_8, uniq_vashnia
Orc:1:    layout_caves, basic_altar, uniq_fannar
Orc:2:    grunt_orc_cross, layout_caves, serial_shops,
          nicolae_shop_window_shopping, library_closet, mines5_lemuel
Elf:1:    eino_elf_arrival_sip, layout_loops_corners, serial_shops, shop,
          minmay_elf_necromancy, uniq_louise
Elf:2:    nicolae_elf_blades_crystal_corner, layout_geoelf_diagonals,
          evilmike_spriggan_trog_shrine
Elf:3:    elf_hall, layout_geoelf_grid, nicolae_elf_loose_elemental_storage

Notes
Turn   | Place    | Note
-------+----------+-------------------------------------------
     0 | D:1      | spaghetti the Demonspawn Berserker began the quest for the
                  | Orb.
     0 | D:1      | Reached XP level 1. HP: 18/18 MP: 1/1
     0 | D:1      | magus.rc [v1.9.6]
    24 | D:1      | HP: 4/27 [ball python (3)]
   306 | D:1      | Reached skill level 3 in Long Blades
   315 | D:1      | Gained mutation: You have a small tail. [demonic ancestry]
   315 | D:1      | Reached XP level 2. HP: 21/24 MP: 2/2
   416 | D:1      | Found Qyabb's Armour Shop.
   534 | D:1      | Found a faded altar of an unknown god.
   731 | D:1      | Reached skill level 1 in Axes
   830 | D:1      | Reached ** piety under Trog
   954 | D:1      | Gained mutation: You have a tail ending in a sharp stinger.
                  | [demonic ancestry]
   954 | D:1      | Reached XP level 3. HP: 29/29 MP: 3/3
  1148 | D:2      | Reached skill level 2 in Armour
  1679 | D:2      | Found Vely's Magic Scroll Shoppe.
  2185 | D:3      | Reached skill level 2 in Axes
  2185 | D:3      | Gained mutation: You regenerate a little health from kills.
                  | [demonic ancestry]
  2185 | D:3      | Reached XP level 4. HP: 35/35 MP: 4/4
  2361 | D:1      | Bought a +0 cloak for 63 gold pieces
  2490 | D:3      | Found a radiant altar of Vehumet.
  2685 | D:3      | Noticed Ijyb
  2693 | D:3      | Killed Ijyb
  2764 | D:3      | You pick up a book of Vapours {forbidden} and begin
                  | reading...
  2764 | D:3      | You add the spells Poisonous Vapours and Corpse Rot to your
                  | library.
  3173 | D:4      | Reached skill level 3 in Armour
  3288 | D:4      | You pick up a book of Blood {forbidden} and begin
                  | reading...
  3288 | D:4      | You add the spells Sublimation of Blood, Wereblood and
                  | Summon Hydra to your library.
  3316 | D:4      | Gained mutation: You regenerate health from kills. [demonic
                  | ancestry]
  3316 | D:4      | Reached XP level 5. HP: 36/41 MP: 5/5
  3414 | D:4      | Reached *** piety under Trog
  3438 | D:4      | Reached skill level 3 in Axes
  3471 | D:4      | You pick up a book of Callings {forbidden} and begin
                  | reading...
  3471 | D:4      | You add the spells Summon Small Mammal, Call Canine
                  | Familiar and Summon Guardian Golem to your library.
  3571 | D:4      | Found an ornate altar of the Wu Jian Council.
  3688 | D:4      | You fall into a shaft and drop 2 floors!
  3709 | D:5      | Entered Level 5 of the Dungeon
  3710 | D:5      | Noticed Pikel
  3710 | D:5      | Noticed a lemure
  3710 | D:5      | Noticed a lemure
  3711 | D:5      | Noticed a lemure
  3737 | D:4      | Noticed Natasha
  3746 | D:4      | Killed Natasha
  3827 | D:4      | Noticed Menkaure
  3833 | D:4      | Killed Menkaure
  3834 | D:4      | Reached skill level 4 in Armour
  3834 | D:4      | Gained mutation: You may rarely emit foul miasma when
                  | damaged in melee. [demonic ancestry]
  3834 | D:4      | Reached XP level 6. HP: 42/47 MP: 2/6
  4338 | D:5      | Killed Pikel
  4339 | D:5      | Reached skill level 5 in Axes
  4339 | D:5      | Reached skill level 5 in Armour
  4339 | D:5      | Gained mutation: You regenerate a lot of health from kills.
                  | [demonic ancestry]
  4339 | D:5      | Reached XP level 7. HP: 52/52 MP: 4/7
  4594 | D:5      | Gained mutation: You are surrounded by a mild repulsion
                  | field. (EV +2) [demonic ancestry]
  4594 | D:5      | Reached XP level 8. HP: 58/58 MP: 8/8
  4715 | D:5      | Reached skill level 6 in Armour
  4913 | D:5      | Reached skill level 6 in Axes
  5030 | D:5      | You pick up a book of Rime {forbidden} and begin reading...
  5030 | D:5      | You add the spells Frozen Ramparts, Ice Form and Summon Ice
                  | Beast to your library.
  5535 | D:6      | Identified the +0 leather armour of the Untouchables {Str-4
                  | Slay+5}
  5894 | D:6      | Reached skill level 2 in Dodging
  5980 | D:6      | Found a staircase to the Ecumenical Temple.
  5999 | D:6      | Reached skill level 7 in Axes
  5999 | D:6      | Reached skill level 3 in Dodging
  6303 | D:6      | Found Fausasm's Distillery.
  6304 | D:6      | Found Otaigyxe's Antique Armour Emporium.
  6308 | D:6      | Found Doper's Assorted Antiques.
  6324 | D:6      | Bought a potion of mutation for 112 gold pieces
  6324 | D:6      | Gained mutation: You have a pair of small antennae on your
                  | head. [potion of mutation]
  6324 | D:6      | Gained mutation: You are agile. (Dex +2) [potion of
                  | mutation]
  6489 | D:7      | Reached XP level 9. HP: 33/63 MP: 2/9
  6497 | D:7      | Reached skill level 8 in Axes
  6507 | D:7      | Reached skill level 4 in Dodging
  6582 | D:7      | Reached **** piety under Trog
  6643 | D:7      | You pick up a book of Weapons {forbidden} and begin
                  | reading...
  6643 | D:7      | You add the spells Portal Projectile, Excruciating Wounds
                  | and Blade Hands to your library.
  6715 | D:7      | Reached skill level 9 in Axes
  6863 | D:7      | Reached skill level 5 in Dodging
  7033 | D:8      | Noticed a brown ugly thing
  7043 | D:8      | Noticed a troll
  7048 | D:8      | Killed a brown ugly thing
  7049 | D:8      | Reached skill level 10 in Axes
  7049 | D:8      | Gained mutation: You are surrounded by a moderate repulsion
                  | field. (EV +3) [demonic ancestry]
  7049 | D:8      | Reached XP level 10. HP: 70/70 MP: 6/10
  7206 | D:8      | Reached skill level 6 in Dodging
  7216 | D:8      | Found a hide-covered altar of Uskayaw.
  7347 | D:8      | Found a staircase to the Lair.
  7669 | Lair:1   | Entered Level 1 of the Lair of Beasts
  7961 | Lair:1   | Noticed a cane toad
  7971 | Lair:1   | Killed a cane toad
  7977 | Lair:1   | Reached skill level 11 in Axes
  8251 | Lair:1   | Noticed a cane toad
  8258 | Lair:1   | Reached skill level 7 in Dodging
  8261 | Lair:1   | Killed a cane toad
  8433 | Lair:1   | You add the spells Ignite Poison, Mephitic Cloud and
                  | Freezing Cloud to your library.
  8583 | Lair:1   | Reached skill level 12 in Axes
  8584 | Lair:1   | Gained mutation: You have a sharp stinger which inflicts
                  | weakening toxins. [demonic ancestry]
  8584 | Lair:1   | Reached XP level 11. HP: 75/75 MP: 8/11
  8770 | Lair:2   | Noticed a boulder beetle
  8791 | Lair:2   | Killed a boulder beetle
  8952 | Lair:2   | You pick up a book of Necromancy {forbidden} and begin
                  | reading...
  8952 | Lair:2   | You add the spells Pain, Animate Skeleton and Vampiric
                  | Draining to your library.
  9096 | Lair:2   | Noticed Harold
  9108 | Lair:2   | Killed Harold
  9109 | Lair:2   | Reached skill level 8 in Dodging
  9336 | Lair:2   | Found a staircase to the Swamp.
  9482 | Lair:2   | Reached skill level 13 in Axes
  9549 | Lair:2   | Noticed a seven-headed hydra
  9558 | Lair:2   | Killed a three-headed hydra
  9995 | Lair:2   | You fall into a shaft and drop 1 floor!
 10050 | Lair:3   | Identified a scroll of acquirement
 10052 | Lair:3   | Acquired the ring "Ybepap" {rPois rF+ MP-9 Dex+3}
 10148 | Lair:3   | Reached skill level 9 in Dodging
 10264 | Lair:3   | Reached skill level 14 in Axes
 10270 | Lair:3   | Gained mutation: You sometimes emit foul miasma when
                  | damaged in melee. [demonic ancestry]
 10270 | Lair:3   | Reached XP level 12. HP: 81/81 MP: 8/12
 10280 | Lair:3   | Reached skill level 10 in Dodging
 10578 | Lair:3   | Reached skill level 11 in Dodging
 10908 | Lair:4   | Found a staircase to the Snake Pit.
 11172 | Lair:4   | You pick up a book of Spectacle {forbidden} and begin
                  | reading...
 11172 | Lair:4   | You add the spells Dazzling Flash, Iskenderun's Mystic
                  | Blast and Starburst to your library.
 11345 | Lair:4   | Reached skill level 12 in Dodging
 11746 | Lair:5   | Found a staircase to the Slime Pits.
 12098 | Lair:5   | Reached ***** piety under Trog
 12101 | Lair:5   | Reached skill level 13 in Dodging
 12230 | Lair:5   | You pick up a book of Storms {forbidden} and begin
                  | reading...
 12230 | Lair:5   | You add the spells Airstrike, Summon Lightning Spire and
                  | Lightning Bolt to your library.
 12671 | Lair:6   | Entered Level 6 of the Lair of Beasts
 12674 | Lair:6   | Found a transporter.
 12753 | Lair:6   | Found a bloodstained altar of Trog.
 12818 | Lair:6   | Noticed spaghetti's ghost (journeyman DgSu)
 12829 | Lair:6   | Reached XP level 13. HP: 85/86 MP: 13/13
 12999 | Lair:6   | Found a transporter.
 13140 | Lair:6   | Reached skill level 14 in Dodging
 13499 | Lair:6   | Reached skill level 15 in Dodging
 13624 | Lair:6   | Found a runed translucent door.
 13714 | Lair:6   | HP: 19/86 [torpor snail (9)]
 13715 | Lair:6   | HP: 1/86 [torpor snail (19)]
 14007 | Lair:6   | Reached skill level 16 in Dodging
 14344 | Lair:6   | Gained mutation: You are robust. (+10% HP) [demonic
                  | ancestry]
 14344 | Lair:6   | Reached XP level 14. HP: 82/102 MP: 6/14
 15220 | D:9      | Found Juotih's Antique Weapon Emporium.
 15293 | D:9      | Acquired the +15 Maxwell's patent armour {-Cast -Tele rElec
                  | Will+ rCorr}
 15293 | D:9      | Found the +15 Maxwell's patent armour {-Cast -Tele rElec
                  | Will+ rCorr}
 15397 | D:9      | Lost mutation: You have a pair of small antennae on your
                  | head. [potion of mutation]
 15397 | D:9      | Lost mutation: You are agile. (Dex +2) [potion of mutation]
 15397 | D:9      | Gained mutation: You have sharp toenails. [potion of
                  | mutation]
 15397 | D:9      | Gained mutation: You do not regenerate when monsters are
                  | visible. [potion of mutation]
 15397 | D:9      | Gained mutation: Your mind is acute. (Int +2) [potion of
                  | mutation]
 15635 | Lair:6   | Killed spaghetti's ghost
 15636 | Lair:6   | Reached skill level 7 in Armour
 15871 | Lair:2   | Reached skill level 8 in Armour
 17082 | D:10     | Entered Level 10 of the Dungeon
 17101 | D:10     | e - a +0 executioner's axe {axerare=g}
 17107 | D:10     | e - a +0 executioner's axe (weapon) {axerare=g}
 17108 | D:10     | your +0 executioner's axe {axerare=g} is engulfed in
                  | flames!
 17108 | D:10     | e - a +0 executioner's axe of flaming (weapon) {axerare=g}
 17109 | D:10     | your +0 executioner's axe of flaming {axerare=g} projects
                  | an invisible shield of force!
 17109 | D:10     | e - a +0 executioner's axe of protection (weapon)
                  | {axerare=g}
 17220 | D:10     | your +0 executioner's axe of protection {axerare=g} glows
                  | red for a moment.
 17221 | D:10     | your +1 executioner's axe of protection {axerare=g} glows
                  | red for a moment.
 17222 | D:10     | your +2 executioner's axe of protection {axerare=g} glows
                  | red for a moment.
 17223 | D:10     | your +3 executioner's axe of protection {axerare=g} glows
                  | red for a moment.
 17224 | D:10     | your +4 executioner's axe of protection {axerare=g} glows
                  | red for a moment.
 17225 | D:10     | your +5 executioner's axe of protection {axerare=g} glows
                  | red for a moment.
 17226 | D:10     | your +6 executioner's axe of protection {axerare=g} glows
                  | red for a moment.
 17227 | D:10     | your +7 executioner's axe of protection {axerare=g} glows
                  | red for a moment.
 17261 | D:10     | You pick up a book of Burglary {forbidden} and begin
                  | reading...
 17261 | D:10     | You add the spells Passwall, Ensorcelled Hibernation and
                  | Swiftness to your library.
 17438 | D:10     | Noticed Snorg
 17451 | D:10     | Killed Snorg
 17605 | D:10     | Noticed Josephine
 17608 | D:10     | Found a bloodstained altar of Trog.
 17612 | D:10     | Killed Josephine
 17613 | D:10     | Reached skill level 1 in Throwing
 17779 | D:10     | You pick up a book of Transfigurations {forbidden@e2} and
                  | begin reading...
 17779 | D:10     | You add the spells Irradiate and Dragon Form to your
                  | library.
 18057 | D:10     | Noticed Joseph
 18065 | D:10     | Killed Joseph
 18066 | D:10     | Reached skill level 2 in Throwing
 18068 | D:10     | Received a gift from Trog
 18398 | D:10     | Lost mutation: You do not regenerate when monsters are
                  | visible. [potion of mutation]
 18398 | D:10     | Lost mutation: You have sharp toenails. [potion of
                  | mutation]
 18398 | D:10     | Lost mutation: Your mind is acute. (Int +2) [potion of
                  | mutation]
 18398 | D:10     | Gained mutation: You have hidden genetic defects. [potion
                  | of mutation]
 18419 | D:11     | Noticed Urug
 18431 | D:11     | Killed Urug
 18478 | D:11     | your +8 executioner's axe of protection {axerare=g} glows
                  | red for a moment.
 18673 | D:11     | Reached skill level 3 in Throwing
 18673 | D:11     | Reached skill level 9 in Armour
 19037 | D:11     | Found a staircase to the Orcish Mines.
 19115 | D:12     | Noticed Sonja
 19115 | D:12     | Found a faded altar of an unknown god.
 19133 | D:12     | Killed Sonja
 19234 | D:12     | You pick up a book of Scorching {forbidden} and begin
                  | reading...
 19234 | D:12     | You add the spells Scorch, Flame Wave and Summon Cactus
                  | Giant to your library.
 19454 | D:12     | Noticed Psyche
 19465 | D:12     | Reached skill level 4 in Throwing
 19465 | D:12     | Killed Psyche
 19473 | D:12     | Gained mutation: You occasionally shout uncontrollably at
                  | your foes. [hidden defects]
 19487 | D:12     | You pick up a book of Weapons {forbidden} and begin
                  | reading...
 19651 | D:12     | Identified the +1 ring mail "Tymuh" {SInv}
 19796 | D:13     | Acquired a +1 pair of gloves of strength
 19810 | D:13     | Found a gate to the Vaults.
 20077 | D:13     | Reached skill level 5 in Throwing
 20170 | D:13     | Gained mutation: You are very robust. (+20% HP) [demonic
                  | ancestry]
 20170 | D:13     | Reached XP level 15. HP: 117/117 MP: 6/15
 20173 | D:13     | Gained mutation: Your magical capacity is low. (-10% MP)
                  | [hidden defects]
 20173 | D:13     | Lost mutation: You have hidden genetic defects. [hidden
                  | defects expressed]
 20178 | D:13     | Reached skill level 10 in Armour
 20720 | D:14     | Received a gift from Trog
 20745 | D:14     | Found Tuthout's Weapon Shoppe.
 20814 | D:14     | Lost mutation: You occasionally shout uncontrollably at
                  | your foes. [potion of mutation]
 20814 | D:14     | Lost mutation: Your magical capacity is low. (-10% MP)
                  | [potion of mutation]
 20814 | D:14     | Gained mutation: You tend to lose your temper in combat.
                  | [potion of mutation]
 20814 | D:14     | Gained mutation: You expend magic power (3 MP) to
                  | strengthen your wands. [potion of mutation]
 20881 | D:14     | You are cast into the Abyss!
 20881 | D:14     | Cast into level 3 of the Abyss (a wizard)
 20906 | Abyss:3  | HP: 27/120 [hell hog (9)]
 20911 | Abyss:3  | HP: 34/180 [hell hog/fireball (14)]
 20946 | Abyss:3  | You cannot teleport because you are wearing the +15
                  | Maxwell's patent armour {-Cast -Tele rElec Will+ rCorr}.
 20955 | Abyss:3  | Noticed a lich
 20963 | Abyss:3  | Killed a lich
 20965 | Abyss:3  | HP: 25/118 [jiangshi[a vampire mage] (16)]
 21206 | Abyss:3  | Noticed a tentacled starspawn
 21223 | Abyss:3  | Killed a tentacled starspawn
 21254 | D:14     | You pass through the gate.
 21254 | D:14     | Escaped the Abyss
 21265 | D:14     | Reached skill level 4 in Fighting
 21383 | D:14     | Reached skill level 6 in Throwing
 21387 | D:14     | Reached skill level 15 in Axes
 21425 | D:14     | Found a blossoming altar of Fedhas.
 21520 | D:14     | You pick up a book of Hexes {forbidden} and begin
                  | reading...
 21520 | D:14     | You add the spells Inner Flame, Cause Fear and Discord to
                  | your library.
 21553 | D:14     | Found Wucuvyga's Magic Scroll Boutique.
 21561 | D:14     | Bought a scroll of enchant armour for 90 gold pieces
 21561 | D:14     | Bought a scroll of enchant armour for 90 gold pieces
 21561 | D:14     | Bought a scroll of teleportation for 36 gold pieces
 21561 | D:14     | Bought a scroll of teleportation for 36 gold pieces
 21561 | D:14     | Bought a scroll of teleportation for 36 gold pieces
 21839 | D:15     | Entered Level 15 of the Dungeon
 21926 | D:15     | Noticed Rupert
 21939 | D:15     | Killed Rupert
 22079 | D:15     | Reached skill level 17 in Dodging
 22102 | D:15     | Reached skill level 5 in Fighting
 22263 | D:15     | Noticed Agnes
 22268 | D:15     | Killed Agnes
 22293 | D:15     | Found a staircase to the Depths.
 22725 | Orc:1    | Entered Level 1 of the Orcish Mines
 23069 | Orc:2    | Entered Level 2 of the Orcish Mines
 23084 | Orc:2    | Reached skill level 7 in Throwing
 23085 | Orc:2    | Noticed Saint Roka
 23086 | Orc:2    | Reached skill level 11 in Armour
 23096 | Orc:2    | HP: 39/189 [Saint Roka/divine providence (9)]
 23104 | Orc:2    | HP: 22/186 [orc knight/+0 great mace (29)]
 23130 | Orc:1    | Reached XP level 16. HP: 103/133 MP: 7/16
 23142 | Orc:1    | Reached skill level 6 in Fighting
 23397 | Orc:2    | HP: 37/199 [Saint Roka/+3 antimagic glaive (24)]
 23402 | Orc:2    | Killed Saint Roka
 23762 | Orc:2    | You pick up a book of Maledictions {forbidden} and begin
                  | reading...
 23762 | Orc:2    | You add the spells Tukima's Dance, Anguish and Enfeeble to
                  | your library.
 23764 | Orc:2    | You add the spells Alistair's Intoxication, Borgnjor's Vile
                  | Clutch and Eringya's Noxious Bog to your library.
 23766 | Orc:2    | You pick up a book of Burglary {forbidden} and begin
                  | reading...
 23809 | Orc:2    | Found a staircase to the Elven Halls.
 23934 | Orc:2    | Found Ofryrhee's General Store.
 24043 | Orc:2    | Bought a ring of the Octopus King {rCorr AC+1 EV+1 Str+1
                  | Int+1 Dex+1} for 458 gold pieces
 24043 | Orc:2    | Found the ring of the Octopus King {rCorr AC+1 EV+1 Str+1
                  | Int+1 Dex+1}
 24123 | Orc:2    | Found Zerria's General Store.
 24190 | Orc:2    | Found Disibben's Antique Armour Shop.
 24213 | Orc:2    | Found Vigouqis's Book Shop.
 24228 | Orc:2    | Found Jog Toet's Antique Weapon Shop.
 24485 | Swamp:1  | Entered Level 1 of the Swamp
 24836 | Swamp:1  | You pick up a book of Alchemy {forbidden} and begin
                  | reading...
 24910 | Swamp:1  | You pick up a book of Necromancy {forbidden} and begin
                  | reading...
 25338 | D:2      | Bought a scroll of enchant weapon for 82 gold pieces
 25338 | D:2      | Bought a scroll of brand weapon for 220 gold pieces
 25338 | D:2      | your +9 executioner's axe of protection {axerare=g}
                  | crackles with electricity.
 25338 | D:2      | e - a +9 executioner's axe of electrocution (weapon)
                  | {axerare=g}
 25761 | Swamp:2  | Identified the +0 kite shield of Qelakleq {Fly rPois Dex+2}
 25761 | Swamp:2  | Noticed Donald
 25769 | Swamp:2  | Killed Donald
 25831 | Swamp:2  | Reached skill level 7 in Fighting
 25860 | Swamp:2  | Identified the +9 morningstar "Umaple" {pain, rC+ rN++
                  | Int+3}
 25873 | Swamp:2  | Reached skill level 8 in Throwing
 25878 | Swamp:2  | You pick up a book of Winter {forbidden} and begin
                  | reading...
 25878 | Swamp:2  | You add the spells Ozocubu's Armour, Metabolic Englaciation
                  | and Simulacrum to your library.
 26064 | Swamp:2  | Paralysed by a hornet for 2 turns
 26243 | Swamp:2  | Identified the +8 battleaxe of Banni {vorpal, Str+2} (Trog
                  | gifted it to you on level 2 of the Swamp)
 26243 | Swamp:2  | Received a gift from Trog
 26927 | Swamp:3  | Noticed a thorn hunter
 26934 | Swamp:3  | HP: 50/208 [thorn hunter/volley of thorns (6)]
 26935 | Swamp:3  | Reached skill level 16 in Axes
 26936 | Swamp:3  | Killed a thorn hunter
 26945 | Swamp:3  | Reached skill level 12 in Armour
 26954 | Swamp:3  | Reached skill level 8 in Fighting
 26981 | Swamp:3  | Identified the +3 leather armour of Issekluf {rElec}
 27274 | Swamp:4  | Entered Level 4 of the Swamp
 27322 | Swamp:4  | Noticed Kirke
 27333 | Swamp:4  | Killed Kirke
 27411 | Swamp:4  | Reached XP level 17. HP: 147/147 MP: 8/17
 27421 | Swamp:4  | Reached skill level 18 in Dodging
 27566 | Swamp:4  | Got a decaying rune of Zot
 27767 | Swamp:4  | Paralysed by a fenstrider witch for 4 turns
 28018 | Swamp:4  | Reached skill level 9 in Fighting
 28020 | Swamp:4  | Received a gift from Trog
 28058 | Swamp:4  | Identified the +6 scimitar of Ovvaenyd {elec, Int+5 Dex+2
                  | Stlth+}
 28276 | Snake:1  | Entered Level 1 of the Snake Pit
 29275 | Snake:2  | Reached skill level 17 in Axes
 29745 | Snake:2  | You pick up a book of Spectacle {forbidden} and begin
                  | reading...
 30934 | Snake:3  | Reached skill level 18 in Axes
 30939 | Snake:3  | You add the spells Blink, Manifold Assault and Storm Form
                  | to your library.
 31330 | Snake:3  | You pick up a book of Dreams {forbidden} and begin
                  | reading...
 31344 | Snake:3  | You pick up a book of Spatial Translocations {forbidden}
                  | and begin reading...
 31460 | Snake:3  | Received a gift from Trog
 31795 | Snake:3  | Reached XP level 18. HP: 158/158 MP: 9/18
 32052 | Snake:3  | Reached skill level 19 in Axes
 32091 | Snake:4  | Entered Level 4 of the Snake Pit
 32289 | Snake:4  | You pick up a book of the Moon {forbidden} and begin
                  | reading...
 32289 | Snake:4  | You add the spells Passage of Golubria, Silence and
                  | Lehudib's Crystal Spear to your library.
 32670 | Snake:4  | Found a hazy altar of Hepliaklqana.
 32923 | Snake:4  | Noticed Vashnia
 32943 | Snake:4  | Killed Vashnia
 32974 | Snake:4  | HP: 32/158 [nagaraja/poison arrow (15)]
 33000 | Snake:4  | Reached skill level 20 in Axes
 33512 | Snake:4  | Got a serpentine rune of Zot
 33916 | Elf:1    | Entered Level 1 of the Elven Halls
 34031 | Elf:1    | Received a gift from Trog
 34184 | Elf:1    | Noticed a Tzitzimitl
 34361 | Elf:1    | You pick up a book of Displacement {forbidden} and begin
                  | reading...
 34361 | Elf:1    | You add the spells Gell's Gravitas and Teleport Other to
                  | your library.
 34401 | Elf:1    | Found Mugal's Armour Shop.
 34551 | Elf:1    | Noticed Louise
 34569 | Elf:1    | Killed Louise
 34756 | Elf:1    | Got the Guide on Necromancy {forbidden}
 34896 | Elf:1    | Reached skill level 21 in Axes
 35280 | Elf:2    | Reached ****** piety under Trog
 35282 | Elf:2    | Received a gift from Trog
 35390 | Elf:2    | Reached skill level 10 in Fighting
 35577 | Elf:2    | Reached XP level 19. HP: 153/168 MP: 19/19
 35657 | Elf:2    | Found a runed translucent gate.
 35657 | Elf:2    | Found a runed translucent gate.
 35657 | Elf:2    | Found a runed translucent gate.
 35771 | Elf:2    | Reached skill level 11 in Fighting
 35775 | Elf:2    | Found a bloodstained altar of Trog.
 35939 | Elf:2    | Identified the +2 robe "Boph" {rPois rC+ rCorr Dex+7
                  | Stlth-}
 36418 | Elf:2    | Identified the +4 quick blade "Fiaredis" {vorpal, Str+3}
                  | (Trog gifted it to you on level 2 of the Elven Halls)
 36418 | Elf:2    | Received a gift from Trog
 36438 | Elf:2    | u - a +6 quick blade of freezing {shortrare=g}
 36442 | Elf:2    | K - the +4 quick blade "Fiaredis" {vorpal, Str+3,
                  | shortrare=g}
 36479 | Elf:2    | Reached skill level 12 in Fighting
 36822 | Elf:2    | You drop a +6 quick blade of freezing {shortrare=g}.
 36824 | Elf:2    | You drop the +4 quick blade "Fiaredis" {vorpal, Str+3,
                  | shortrare=g}.
 36825 | Elf:2    | K - the +4 quick blade "Fiaredis" {vorpal, Str+3,
                  | shortrare=g}
 36825 | Elf:2    | u - a +6 quick blade of freezing {shortrare=g}
 36869 | Elf:3    | Entered Level 3 of the Elven Halls
 36981 | Elf:3    | Paralysed by an air elemental for 1 turns
 36984 | Elf:3    | Paralysed by an air elemental for 1 turns
 37149 | Elf:3    | Reached skill level 13 in Fighting
 37179 | Elf:3    | HP: 61/255 [Hell Sentinel/iron shot[a deep elf
                  | demonologist] (19)]
 37184 | Elf:3    | HP: 34/258 [Hell Sentinel/iron shot[a deep elf
                  | demonologist] (44)]
 37188 | Elf:3    | HP: 13/262 [ghostly deep elf master archer/arrow (16)]
 37190 | Elf:3    | Killed from afar by a Hell Sentinel

Vanquished Creatures
  Saint Roka (Orc:2)
  Vashnia (Snake:4)
  Rupert (D:15)
  A lich (Abyss:3)
  2 deep elf blademasters (Elf:3)
  Kirke (Swamp:4)
  A thorn hunter (Swamp:3)
  A tentacled starspawn (Abyss:3)
  Donald (Swamp:2)
  5 nagarajas
  Agnes (D:15)
  2 fenstrider witches
  A juggernaut zombie (D:15)
  A deep elf elementalist (Elf:3)
  Louise (Elf:1)
  A deep elf demonologist (Elf:1)
  6 eleionomae
  A deep elf annihilator (Elf:3)
  2 bunyips
  Snorg (D:10)
  A deep elf death mage (Elf:3)
  Josephine (D:10)
  3 shambling mangroves
  An ice dragon (Lair:6)
  5 boulder beetles
  A salamander tyrant (Snake:4)
  15 naga warriors
  Harold (Lair:2)
  3 ghost crabs
  12 hydras
  A catoblepas (D:10)
  4 vault guards (D:13)
  13 anacondas
  3 centaur warriors
  7 alligators
  3 two-headed ogres
  25 dancing weapons
  2 thrashing horrors (Abyss:3)
  7 hell hogs (Abyss:3)
  17 naga sharpshooters
  A storm dragon zombie (D:15)
  Urug (D:11)
  4 shock serpents
  3 orc high priests (Orc:2)
  19 deep elf knights
  A vampire mage (D:15)
  A wretched star (Abyss:3)
  3 spriggan berserkers (Elf:2)
  Sonja (D:12)
  A sixfirhy (Abyss:3)
  3 salamander mystics (Snake:4)
  A goliath frog (Swamp:3)
  10 skeletal warriors
  7 sea snakes
  9 swamp dragons
  2 spriggan druids
  3 bog bodies
  8 deep elf archers
  A wizard (D:14)
  A tengu zombie (D:15)
  6 naga ritualists
  A lindwurm (Lair:5)
  18 deep elf zephyrmancers
  28 ugly things
  10 mana vipers
  21 deep elf pyromancers
  5 orc knights
  Pikel (D:5)
  5 necromancers
  10 salamanders
  7 orc sorcerers
  6 will-o-the-wisps
  4 cyclopes
  A cyclops (shapeshifter) (D:15)
  2 manticores (D:14)
  A moth of wrath (Lair:6)
  A fire giant skeleton (D:15)
  Joseph (D:10)
  11 elephants (Lair:3)
  3 gargoyles
  2 smoke demons (Abyss:3)
  14 naga magi
  30 black mambas
  5 torpor snails
  7 guardian serpents
  5 large abominations
  12 cane toads
  Psyche (D:12)
  3 efreet
  An unseen horror (Abyss:3)
  A rime drake (Lair:6)
  7 komodo dragons
  A freezing wraith (D:14)
  A meliai (shapeshifter) (Elf:1)
  3 meliai (D:15)
  A queen bee (D:15)
  9 polar bears (Lair:6)
  A hornet (shapeshifter) (Elf:2)
  25 hornets
  12 tyrant leeches
  5 trolls
  2 raiju (Lair:6)
  12 slime creatures
  6 dream sheep
  15 blink frogs
  8 wraiths
  3 air elementals (Elf:3)
  26 spriggans
  3 water elementals (Elf:1)
  A vampire (D:12)
  A hog (Swamp:4)
  3 wyverns
  36 yaks
  3 fire elementals
  A steam dragon (shapeshifter) (D:14)
  3 basilisks
  A steam dragon (D:8)
  26 vampire mosquitoes
  A neqoxec (Abyss:3)
  Menkaure (D:4)
  14 swamp worms
  12 wargs
  49 nagas
  4 small abominations (Abyss:3)
  2 acid dragons
  13 hell hounds (Lair:6)
  17 water moccasins
  13 black bears
  4 sky beasts
  18 orc warriors
  8 swamp drakes
  2 ice beasts (D:7)
  10 centaurs
  6 ogres
  40 wolves
  5 kobold brigands
  An elf zombie (Elf:1)
  14 bullfrogs
  A gnoll sergeant (D:7)
  2 scorpions
  8 earth elementals
  4 wights (D:7)
  14 killer bees
  5 howler monkeys
  13 electric eels
  4 jellies
  8 hounds
  12 orc priests
  A gnoll shaman (Lair:6)
  Ijyb (D:3)
  Natasha (D:4)
  17 orc wizards
  10 adders
  5 gnolls
  A shadow imp (D:8)
  2 white imps
  An ufetubus (Abyss:3)
  2 worms
  6 dart slugs
  78 orcs
  14 ball pythons
  6 bats
  6 endoplasms
  A giant cockroach (D:2)
  6 hobgoblins
  2 quokkas
  5 frilled lizards (D:1)
  14 goblins
  29 kobolds
  10 rats
  A starspawn tentacle (Abyss:3)
1199 creatures vanquished.

Vanquished Creatures (collateral kills)
  2 nagarajas (Snake:4)
  The ghost of spaghetti the Summoner, a journeyman DgSu (Lair:6)
  2 jiangshi (Abyss:3)
  2 deep elf high priests (Elf:3)
  4 hydras
  A naga warrior (Snake:4)
  A boulder beetle (D:15)
  A centaur warrior (D:14)
  6 death yaks (Lair:6)
  A vampire mage (Abyss:3)
  2 swamp dragons (Swamp:4)
  2 lindwurms (Lair:6)
  A moth of wrath (Lair:6)
  A guardian serpent (Snake:4)
  2 torpor snails (Lair:6)
  A naga mage (Snake:4)
  A hornet (Lair:6)
  2 spriggans
  A ynoxinul (Abyss:3)
  A vampire mosquito (D:14)
  A small abomination (Abyss:3)
  A wolf (Lair:6)
37 creatures vanquished.

Vanquished Creatures (others)
  An eleionoma (Swamp:3)
  A deep elf death mage (Elf:1)
  An alligator (Swamp:3)
  A swamp dragon (Swamp:4)
  A deep elf pyromancer (Elf:2)
  2 deep elf zephyrmancers (Elf:1)
  3 bloated husks
  2 nagas
  An elf zombie (Elf:1)
  An orc wizard (D:13)
  18 foxfires
  24 fungi
  58 plants
  2 starspawn tentacles (Abyss:3)
  2 withered plants (D:15)
118 creatures vanquished.

Grand Total: 1354 creatures vanquished

Table legend:
 A = Non-vault XP
 B = Vault XP
 C = Vault XP percentage of total XP
 D = Non-vault monster count
 E = Vault monster count
 F = Vault count percentage of total count
                 A         B        C        D         E       F
            +---------+---------+-------+---------+---------+-------
      Total |  268042 |  157286 |  37.0 |     851 |     392 |  31.5
            +---------+---------+-------+---------+---------+-------
        D:1 |      43 |       0 |   0.0 |      31 |       0 |   0.0
        D:2 |      32 |       0 |   0.0 |      15 |       0 |   0.0
        D:3 |      20 |      71 |  78.0 |       4 |      11 |  73.3
        D:4 |     100 |     241 |  70.7 |      15 |      12 |  44.4
        D:5 |     594 |     612 |  50.7 |      21 |       9 |  30.0
        D:6 |     859 |       0 |   0.0 |      23 |       0 |   0.0
        D:7 |    1808 |       0 |   0.0 |      23 |       0 |   0.0
        D:8 |    1633 |     487 |  23.0 |      20 |       6 |  23.1
        D:9 |    1842 |     496 |  21.2 |      17 |      22 |  56.4
       D:10 |    2312 |    3182 |  57.9 |      15 |       7 |  31.8
       D:11 |    4720 |     787 |  14.3 |      28 |       1 |   3.4
       D:12 |    5882 |    1163 |  16.5 |      22 |       2 |   8.3
       D:13 |    6659 |    6649 |  50.0 |      15 |      11 |  42.3
       D:14 |   16618 |       0 |   0.0 |      32 |       0 |   0.0
       D:15 |   10632 |   12449 |  53.9 |      20 |      28 |  58.3
     Lair:1 |    4615 |       0 |   0.0 |      22 |       0 |   0.0
     Lair:2 |    6675 |    1412 |  17.5 |      28 |       2 |   6.7
     Lair:3 |    9272 |       0 |   0.0 |      29 |       0 |   0.0
     Lair:4 |    2800 |     489 |  14.9 |      11 |       3 |  21.4
     Lair:5 |    5068 |     595 |  10.5 |      20 |       4 |  16.7
     Lair:6 |   11948 |   23437 |  66.2 |      35 |      90 |  72.0
    Swamp:1 |   11819 |       0 |   0.0 |      22 |       0 |   0.0
    Swamp:2 |   14214 |    5187 |  26.7 |      29 |      10 |  25.6
    Swamp:3 |   12700 |       0 |   0.0 |      25 |       0 |   0.0
    Swamp:4 |   11872 |   17835 |  60.0 |      26 |      28 |  51.9
    Snake:1 |   11436 |       0 |   0.0 |      28 |       0 |   0.0
    Snake:2 |   19817 |     955 |   4.6 |      37 |       2 |   5.1
    Snake:3 |   32125 |       0 |   0.0 |      61 |       0 |   0.0
    Snake:4 |   14965 |   26370 |  63.8 |      29 |      41 |  58.6
      Orc:1 |    1057 |    2911 |  73.4 |      10 |       9 |  47.4
      Orc:2 |    5586 |    7635 |  57.7 |      35 |      35 |  50.0
      Elf:1 |   19932 |    6493 |  24.6 |      35 |      11 |  23.9
      Elf:2 |   14346 |   28954 |  66.9 |      25 |      38 |  60.3
      Elf:3 |    4041 |    8876 |  68.7 |      12 |      10 |  45.5
    Abyss:3 |       0 |       0 |   N/A |      31 |       0 |   0.0
            +---------+---------+-------+---------+---------+-------

Illustrated notes

Table legend:
 A = Kills in this place as a percentage of kills in entire the game.
 B = Kills by you in this place as a percentage of kills by you in the entire game.
 C = Kills by friends in this place as a percentage of kills by friends in the entire game.
 D = Other kills in this place as a percentage of other kills in the entire game.
 E = Experience gained in this place as a percentage of experience gained in the entire game.
 F = Experience gained in this place divided by the number of levels of this place that you have seen.
                   A       B       C       D       E      F
               +-------+-------+-------+-------+-------+----------------------
         Total | 100.0 | 100.0 | 100.0 | 100.0 | 100.0 | 12152.2
       Dungeon |  33.0 |  33.9 |  10.8 |   0.0 |  18.8 | 5326.1
          Lair |  19.6 |  19.1 |  40.5 |   0.0 |  15.6 | 11051.8
         Swamp |  11.3 |  10.9 |  16.2 |  50.0 |  17.3 | 18406.8
     Snake Pit |  15.9 |  16.0 |  13.5 |  12.5 |  24.8 | 26417.0
  Orcish Mines |   7.2 |   7.4 |   0.0 |   0.0 |   4.0 | 8594.5
   Elven Halls |  10.5 |  10.5 |   5.4 |  37.5 |  19.4 | 27547.3
         Abyss |   2.5 |   2.2 |  13.5 |   0.0 |   0.0 |   0.0
               +-------+-------+-------+-------+-------+----------------------

Table legend: (Time is in decaauts)
 A = Elapsed time spent in this place.
 B = Non-inter-level travel time spent in this place.
 C = Inter-level travel time spent in this place.
 D = Time resting spent in this place.
 E = Time spent auto-exploring this place.
 F = Levels seen in this place.
 G = Mean time per level.
                   A        B        C        D        E       F      G
               +--------+--------+--------+--------+--------+-----+--------+
         Total |  38102 |  35373 |   2729 |   6890 |  21839 |  35 | 1088.6 |
       Dungeon |  15161 |  13784 |   1377 |   2840 |   8581 |  15 | 1010.7 |
          Lair |   8527 |   7746 |    781 |   1075 |   5523 |   6 | 1421.2 |
         Swamp |   3481 |   3290 |    191 |    658 |   1849 |   4 |  870.2 |
     Snake Pit |   5606 |   5377 |    229 |   1101 |   3238 |   4 | 1401.5 |
  Orcish Mines |   1663 |   1594 |     69 |    520 |    779 |   2 |  831.5 |
   Elven Halls |   3248 |   3169 |     79 |    555 |   1828 |   3 | 1082.7 |
         Abyss |    415 |    415 |      0 |    138 |     40 |   1 |  415.0 |
               +--------+--------+--------+--------+--------+-----+--------+

Top non-repeatable levels by time:
  Lair:6: 2483 daAuts
  Lair:2: 2030 daAuts
 Snake:2: 1594 daAuts
   Elf:2: 1593 daAuts
 Snake:4: 1584 daAuts
    D:10: 1446 daAuts
   Elf:1: 1356 daAuts
 Snake:3: 1347 daAuts
     D:4: 1312 daAuts
 Swamp:2: 1251 daAuts
     D:5: 1229 daAuts
     D:1: 1209 daAuts
     D:9: 1151 daAuts
     D:2: 1142 daAuts
  Lair:1: 1101 daAuts
